[Event "Early-Titled-Tuesday-Blitz-February-13-2024"]
[Site "Chess.com"]
[Date "2024.02.13"]
[Round "3"]
[White "viktorskliarov"]
[Black "emeli_chess"]
[Result "1-0"]
[WhiteElo "2605"]
[BlackElo "2370"]
[TimeControl "180+1"]
[EndTime "8:32:26 PST"]
[Termination "viktorskliarov won by resignation"]

1. e4 e5 2. Nc3 Nf6 3. Bc4 Nc6 4. d3 Na5 5. Nge2 Nxc4 6. dxc4 d6 7. Ng3 Be6 8. b3 Qd7 9. h3 c6 10. Bg5 Be7 11. Qf3 O-O-O 12. Rd1 h6 13. Bxf6 Bxf6 14. O-O Qe7 15. Nf5 Bxf5 16. exf5 g6 17. Rd3 gxf5 18. Qxf5+ Qe6 19. Rf3 Qxf5 20. Rxf5 Bg7 21. Rxf7 Rd7 22. Rxd7 Kxd7 23. Rd1 Ke6 24. Ne4 Rd8 25. Nc5+ Ke7 26.
Nxb7 Rb8 27. Nxd6 Ke6 28. Ne4 Bf8 29. Kf1 Be7 30. Ke2 Rf8 31. g4 h5 32. f3 Rh8 33.
g5 h4 34. Rg1 Kf5 35. g6 Rg8 36. g7 Ke6 37. Ke3 Kf7 38. f4 exf4+ 39. Kxf4 Rxg7 40. Rxg7+ Kxg7 41. Ke5 Kg6 42. Ke6 Ba3 43. c3 Bb2 44. b4 a6 45. a4 Bc1 46. b5 cxb5 47. cxb5 axb5 48. axb5 Be3 49. c4 Bg1 50. c5 1-0

[Event "Early-Titled-Tuesday-Blitz-February-13-2024"]
[Site "Chess.com"]
[Date "2024.02.13"]
[Round "3"]
[White "toog"]
[Black "ChEsper99"]
[Result "1-0"]
[WhiteElo "2554"]
[BlackElo "2220"]
[TimeControl "180+1"]
[EndTime "8:32:26 PST"]
[Termination "toog won on time"]

1. d4 Nf6 2. Nf3 d5 3. Bf4 e6 4.
e3 Bd6 5. Bxd6 Qxd6 6. c4 c6 7. Nc3 O-O 8. cxd5 exd5 9. Qb3 a5 10. Bd3 Na6 11. a3 Bg4 12. Ne5 Bc8 13. O-O Nd7 14.
Nf3 Nc7 15. e4 dxe4 16. Nxe4 Qd5 17. Qc2 h6 18. Rfe1 Ne6 19. Bc4 Qf5 20. Qd2 Qf4 21. Bxe6 fxe6 22. Qxf4 Rxf4 23. Nd6 Nf8 24. Rac1 Bd7 25.
Nxb7 Rb8 26. Nxa5 Rxb2 27. Nxc6 Ra2 28. Nce5 Rxa3 29. Nxd7 Nxd7 30. Rxe6 Nf6 31. h3 Rf5 32. Re5 Ra5 33. Rxa5 Rxa5 34. Ne5 Rd5 35. Rd1 Kf8 36. f3 Ke7 37. Kf2 Kd6 38. Nc4+ Kc6 39. Ne3 Rd8 40. Rc1+ Kd7 41. Nf5 Ne8 42. Re1 Kc6 43. Re6+ Kd5 44. Re7 g6 45. Nxh6 Kxd4 46. Re6 Nd6 47. Rxg6 Nc4 48.
Rg4+ Kd3 49. Nf5 Ra8 50. Rd4+ Kc3 51. Re4 Nd2 52. Re3+ Kc2 53. Re2 Kd3 54. Re3+ Kc2 55. Nd4+ Kd1 56. Rd3 Kc1 57. Nb3+ Kb2 58. Nxd2 Kc2 59.
Rd7 1-0

[Event "Early-Titled-Tuesday-Blitz-February-13-2024"]
[Site "Chess.com"]
[Date "2024.02.13"]
[Round "3"]
[White "PLAYER_2006_M"]
[Black "GelmanAlexander"]
[Result "1-0"]
[WhiteElo "3006"]
[BlackElo "2757"]
[TimeControl "180+1"]
[EndTime "8:32:27 PST"]
[Termination "PLAYER_2006_M won on time"]

1. e4 c5 2. Nf3 e6 3. d4 cxd4 4.
Nxd4 a6 5. Nc3 d6 6. g3 Nf6 7.
Bg2 Be7 8. O-O Qc7 9. Re1 O-O 10. a4 Bd7 11. Qd2 Nc6 12. Nxc6 Bxc6 13. b3 b5 14. Bb2 h6 15. h3 b4 16. Na2 a5 17. Rad1 d5 18. Bxf6 Bxf6 19. exd5 Bxd5 20. Bxd5 exd5 21.
Re2 Ra6 22. Qf4 Qxf4 23. gxf4 d4 24. Nc1 Rc8 25. Nd3 Rac6 26. Ne1 Rc5 27. Kg2 g6 28. Rdd2 Kg7 29. Nd3 R5c6 30. Nb2 d3 31. Nxd3 Bc3 32. Rd1 Bf6 33. Ne1 Bc3 34. Nf3 Bf6 35. Rdd2 Rc3 36. Ne1 R8c5 37. Rd3 Rf5 38. Rxc3 Bxc3 39. Nd3 Rd5 40. Kf3 Bf6 41. Re8 Rd7 42. Rc8 h5 43. Rc5 Bd8 44. f5 1-0

[Event "Early-Titled-Tuesday-Blitz-February-13-2024"]
[Site "Chess.com"]
[Date "2024.02.13"]
[Round "3"]
[White "semchik73"]
[Black "Austen48"]
[Result "1-0"]
[WhiteElo "2432"]
[BlackElo "2207"]
[TimeControl "180+1"]
[EndTime "8:32:27 PST"]
[Termination "semchik73 won by resignation"]

1. Nf3 Nf6 2. c4 c6 3. Nc3 d5 4.
e3 e6 5. d4 Bd6 6. Bd3 O-O 7.
O-O Nbd7 8. e4 dxe4 9. Nxe4 Nxe4 10. Bxe4 Nf6 11. Bc2 c5 12. Qd3 cxd4 13. Bg5 g6 14. Qxd4 Be7 15. Qh4 e5 16. Rfd1 Qb6 17. Nxe5 Re8 18.
c5 Qxc5 19. Bxf6 Bxf6 20. Qxf6 Qxe5 21. Qxe5 Rxe5 22. Rd8+ Kg7 23. Bb3 Rc5 24. h3 a5 25.
a4 Ra6 26. Re1 Rb6 27. Bd5 Rxb2 28. Re7 Rc1+ 29. Kh2 Rxf2 30. Kg3 Rf5 31. Be4 Rc3+ 32. Kh2 Rf2 33. Bd5 b6 34. Kg1 Rf5 35. Be4 Rf6 36. Bd5 Be6 37. Be4 Rc1+ 38. Kh2 Bb3 39. Rb8 Bxa4 40.
Bd5 Bc6 41. Rc8 Rc5 42. Bxc6 Rcxc6 43. Rb8 Rfd6 44. Rbb7 Rf6 45. Re8 h5 46. Rbb8 Rf2 47.
Rg8+ Kf6 48. Rgd8 Ke6 49. Re8+ Kd5 50. Kg1 Rd2 51. Red8+ Rd6 52. Rxd6+ Kxd6 53. Rd8+ Kc5 54. Rxd2 b5 55. Kf2 b4 56. Ke3 a4 57. Kd3 f5 58.
Re2 Kd5 59. Re8 a3 60. Kc2 g5 61. Rh8 h4 62. Rg8 Kc4 63. Rc8+ Kd4 64. Kb3 g4 65. hxg4 fxg4 66. Rc4+ Ke3 67. Rxg4 1-0

[Event "Early-Titled-Tuesday-Blitz-February-13-2024"]
[Site "Chess.com"]
[Date "2024.02.13"]
[Round "3"]
[White "amylazy"]
[Black "vladgoncharov"]
[Result "0-1"]
[WhiteElo "2433"]
[BlackElo "2625"]
[TimeControl "180+1"]
[EndTime "8:32:28 PST"]
[Termination "vladgoncharov won by checkmate"]

1. d4 Nf6 2. Nf3 e6 3. Bf4 b6 4. e3 Bb7 5. Bd3 Nh5 6. Bg5 Be7 7. Bxe7 Qxe7 8. Nbd2 a6 9. e4 Nf4 10. Bf1 f5 11. e5 O-O 12. g3 Ng6 13. Bg2 d6 14. exd6 cxd6 15. O-O Nd7 16. Re1 Rae8 17. Qe2 Nf6 18.
Ng5 Bxg2 19. Kxg2 Qb7+ 20. Kg1 Nd5 21. Qf3 e5 22. Nc4 e4 23. Qb3 Qc6 24. Nxb6 Qxb6 25. Qxd5+ Kh8 26. Nf7+ Rxf7 27. Qxf7 Rf8 28. Qd5 Qxb2 29.
Qxd6 Qxc2 30. Rec1 Qe2 31. Re1 Qf3 32. Re3 Qg4 33.
Rb1 h5 34. Rb8 Rxb8 35. Qxb8+ Kh7 36. Qb2 Qd1+ 37. Kg2 f4 38. Rxe4 f3+ 39. Kh3 Qf1# 0-1

[Event "Early-Titled-Tuesday-Blitz-February-13-2024"]
[Site "Chess.com"]
[Date "2024.02.13"]
[Round "3"]
[White "SmirnovTimofey2000"]
[Black "atomicmate123"]
[Result "0-1"]
[WhiteElo "1961"]
[BlackElo "2327"]
[TimeControl "180+1"]
[EndTime "8:32:28 PST"]
[Termination "atomicmate123 won on time"]

1. e4 c5 2. c3 Nf6 3. e5 Nd5 4. Nf3 Nc6 5. Bc4 Nb6 6. Bb3 e6 7. O-O d5 8. exd6 Bxd6 9. d4 O-O 10. Bg5 Ne7 11. Na3 h6 12. Bh4 Qe8 13. Nc4 Nxc4 14.
Bxc4 Nf5 15. Bg3 Nxg3 16. hxg3 Qc6 17. d5 exd5 18. Bxd5 Qc7 19. Re1 Bf5 20. c4 Be7 21. Ne5 Bf6 22. Qf3 Bh7 23. Ng4 Bxb2 24. Rad1 Bd4 25.
Bxb7 Rab8 26. Bd5 Rb2 27. Re2 Rxe2 28. Qxe2 Bf5 29. Ne3 Re8 30. Qf3 Bg6 31. Re1 Qa5 32. Qd1 Qc3 33. Re2 Bh5 34. f3 Bxe3+ 35. Kh1 Rb8 36.
g4 Bg6 37. g3 Rb1 38. Qxb1 Bxb1 39. Rxe3 Qxe3 40. Kh2 Qf2+ 41. Kh3 Bd3 0-1

[Event "Early-Titled-Tuesday-Blitz-February-13-2024"]
[Site "Chess.com"]
[Date "2024.02.13"]
[Round "3"]
[White "jk13"]
[Black "bancsoo"]
[Result "0-1"]
[WhiteElo "2662"]
[BlackElo "2912"]
[TimeControl "180+1"]
[EndTime "8:32:29 PST"]
[Termination "bancsoo won by resignation"]

1. e4 e5 2. Nf3 d6 3. d4 exd4 4. Nxd4 Nf6 5. Nc3 Be7 6. g3 O-O 7. Bg2 Re8 8. O-O Bf8 9. h3 c6 10. Re1 Na6 11. b3 Nc5 12. Bb2 a5 13. a3 h6 14. Qd2 Qb6 15. Rad1 Bd7 16. Kh1 Rad8 17. Ba1 Bc8 18. f4 g6 19. Re3 Bg7 20. Rde1 Nh5 21.
Nde2 Kh7 22. Kh2 Nf6 23. Ng1 Re7 24. Qc1 Kg8 25. Nf3 Rde8 26. Nd2 Qc7 27. a4 Na6 28.
Nc4 Nb4 29. e5 dxe5 30. Nxe5 Bf5 31. R1e2 h5 32. Ne4 Nxe4 33. Bxe4 Bxe4 34. Rxe4 f6 35. c3 Nd5 36. c4 Nb4 37. Qb1 fxe5 38. Bxe5 Qd7 39. Bxg7 Rxe4 40. Rxe4 Rxe4 41. Qxe4 Kxg7 42. Qe5+ Kh7 43. Qxa5 Qd2+ 44. Kh1 Qe1+ 45. Kh2 Qe2+ 46. Kh1 Nd3 47. Qc7+ Kh6 48. Qd6 Nf2+ 49. Kg1 Nxh3+ 50. Kh1 Nf2+ 51. Kg1 Qd1+ 52. Qxd1 Nxd1 53. Kf1 Kg7 54.
Ke2 Nc3+ 55. Kd3 Na2 56. c5 Kf6 57. Kc4 Ke6 58. b4 Nc1 59. b5 Kd7 60. b6 Ne2 0-1

[Event "Early-Titled-Tuesday-Blitz-February-13-2024"]
[Site "Chess.com"]
[Date "2024.02.13"]
[Round "3"]
[White "KuzubovYuriy"]
[Black "banhgiahuy2606"]
[Result "1-0"]
[WhiteElo "2923"]
[BlackElo "2695"]
[TimeControl "180+1"]
[EndTime "8:32:30 PST"]
[Termination "KuzubovYuriy won by resignation"]

1. d4 Nf6 2. Nf3 g6 3. Nbd2 Bg7 4. e4 d5 5. e5 Ne4 6. Bd3 Nxd2 7.
Bxd2 c5 8. c3 Nc6 9. h3 Qb6 10.
Qb3 c4 11. Qxb6 axb6 12. Bc2 b5 13. O-O Bf5 14. Bxf5 gxf5 15. a3 e6 16. Kh2 O-O 17. Rae1 Ne7 18. g4 fxg4 19. hxg4 Ng6 20. Kg3 Rae8 21.
Rh1 f6 22. exf6 Bxf6 23. Rh5 Re7 24. Bh6 Rfe8 25. Bg5 Bxg5 26. Rxg5 Rf8 27. Nh4 Rf6 28.
f4 Kf7 29. Ng2 Re8 30. Rh5 Kg7 31. Reh1 Nf8 32. Nh4 Kg8 33. Nf3 Re7 34. Rg5+ Rg6 35. Re5 Reg7 36. Rh4 Nd7 37. Rg5 Nf6 38. Rxg6 Ne4+ 39.
Kg2 hxg6 40. Rh6 Kf7 41. Ne5+ Kf6 42. Kf3 Nd2+ 43. Ke3 Nf1+ 44. Ke2 Ng3+ 45. Kf3 Ne4 46. g5+ Nxg5+ 47. fxg5+ Kxg5 48. Rh8 Re7 49. Rg8 Rh7 50.
Rxg6+ Kf5 51. Rg2 Rh3+ 52. Ke2 Ke4 53. Nd7 Re3+ 54. Kd2 Rd3+ 55. Kc2 Rf3 56. Nc5+ Ke3 57. Nxe6 b6 58. Nc7 1-0

[Event "Early-Titled-Tuesday-Blitz-February-13-2024"]
[Site "Chess.com"]
[Date "2024.02.13"]
[Round "3"]
[White "lupta_robin"]
[Black "Abund"]
[Result "0-1"]
[WhiteElo "2554"]
[BlackElo "2763"]
[TimeControl "180+1"]
[EndTime "8:32:30 PST"]
[Termination "Abund won by resignation"]

1. b3 d5 2. Bb2 c5 3. e3 Nf6 4.
Bb5+ Nbd7 5. Nf3 g6 6. d4 cxd4 7. Qxd4 Bg7 8. Nc3 O-O 9. O-O-O Ne4 10. Qxg7+ Kxg7 11. Nxe4+ Nf6 12. Nxf6 exf6 13. Rd2 Be6 14. Rhd1 Qa5 15. a4 a6 16. Be2 b5 17. axb5 axb5 18.
Nd4 b4 19. g4 h6 20. h4 g5 21.
f4 gxh4 22. g5 hxg5 23. fxg5 Rg8 24. Nc6 Qc7 25. Bxf6+ Kf8 26. Nxb4 Rxg5 27. Kb2 Rf5 28. Bd4 Qa5 29. Nd3 Qa2+ 30. Kc1 h3 31. Rh1 Rg5 32. Nf4 Qa3+ 33. Bb2 Qc5 34. Nxh3 Rg8 35. Nf4 Qxe3 36. Nxe6+ fxe6 37. Rf1+ Ke8 38. Bd3 Rg2 39. Rd1 Ke7 40. Bc3 Rxd2 41. Kb2 Rxd1 0-1

[Event "Early-Titled-Tuesday-Blitz-February-13-2024"]
[Site "Chess.com"]
[Date "2024.02.13"]
[Round "3"]
[White "Korchmar_Vasiliy"]
[Black "Zhigalko_Sergei"]
[Result "0-1"]
[WhiteElo "2732"]
[BlackElo "2967"]
[TimeControl "180+1"]
[EndTime "8:32:31 PST"]
[Termination "Zhigalko_Sergei won on time"]

1. e4 c5 2. d4 cxd4 3. Qxd4 Nc6 4. Qd3 g6 5. Nc3 Bg7 6. Nf3 Nf6 7. Be2 O-O 8. O-O d6 9. Nd5 Nd7 10. c3 b6 11. Bg5 h6 12. Bh4 Bb7 13. Rad1 a6 14.
Nxe7+ Nxe7 15. Qxd6 g5 16. Qxd7 Bxe4 17. Qa4 Bd5 18.
Bg3 Qe8 19. Qa3 Nf5 20. Rfe1 Nxg3 21. hxg3 Qc6 22. Nd4 Bxd4 23. Rxd4 Bxg2 24. Qd6 Rfe8 25. Qxc6 Bxc6 26. Rd6 Bb5 27. Kf1 Rxe2 28. Rxe2 Re8 29. Rd2 Kg7 30. Ke1 Bxe2 31. Rxe2 Rxe2+ 32. Kxe2 h5 33. Ke3 Kf6 34. Ke4 Ke6 35. c4 f5+ 36. Kd4 a5 37. b3 h4 38. gxh4 gxh4 39. Ke3 h3 40. Kf3 f4 41. a3 Ke5 42. b4 axb4 43. axb4 Kd4 0-1

[Event "Early-Titled-Tuesday-Blitz-February-13-2024"]
[Site "Chess.com"]
[Date "2024.02.13"]
[Round "3"]
[White "RandomNoob04"]
[Black "m_ezat"]
[Result "1-0"]
[WhiteElo "2617"]
[BlackElo "2429"]
[TimeControl "180+1"]
[EndTime "8:32:31 PST"]
[Termination "RandomNoob04 won on time"]

1. e4 c6 2. c4 d5 3. exd5 cxd5 4. d4 Nf6 5. Nc3 g6 6. Nf3 Bg7 7. cxd5 O-O 8. Bc4 Na6 9. O-O Nc7 10. Qb3 a6 11. a4 b5 12. axb5 axb5 13. Rxa8 bxc4 14. Qb8 Nxa8 15. Qxa8 Bf5 16. Qxd8 Rxd8 17. Ne5 Kf8 18. Bg5 Rb8 19. Bxf6 Bxf6 20. Nxc4 Bd3 21. Ne5 Bxf1 22. Nd7+ Ke8 23. Nxb8 Bc4 24. Nc6 Bg5 25. Ne5 Bb3 26. Nd3 Bc4 27. Nc5 Bf6 28. b3 Bxd4 29. bxc4 Bxc5 30.
Kf1 Bd6 31. g3 h5 32. Ke2 h4 33. Kd3 h3 34. Ne4 Bb4 35. c5 f6 36. Kc4 Ba5 37.
Kb5 Be1 38. c6 f5 39. Kb6 fxe4 40. c7 Bxf2+ 41. Kb7 Bxg3 42. c8=Q+ Kf7 43. hxg3 h2 44. Qh3 e3 45. Qxh2 1-0

[Event "Early-Titled-Tuesday-Blitz-February-13-2024"]
[Site "Chess.com"]
[Date "2024.02.13"]
[Round "3"]
[White "FMCarmona"]
[Black "noblerone"]
[Result "1-0"]
[WhiteElo "2262"]
[BlackElo "2496"]
[TimeControl "180+1"]
[EndTime "8:32:31 PST"]
[Termination "FMCarmona won by resignation"]

1. e4 c5 2. Nf3 e6 3. d4 cxd4 4. Nxd4 Qb6 5. Nb3 Qc7 6. Bd3 Nf6 7. O-O a6 8. Nc3 b5 9. a3 Bb7 10. Qe2 d6 11. f4 Be7 12. Kh1 h5 13. Be3 h4 14. f5 h3 15. fxe6 hxg2+ 16. Qxg2 fxe6 17. Qxg7 Rg8 18. Qh6 Nbd7 19. Nd4 O-O-O 20. Nxe6 Qxc3 21.
bxc3 Nxe4 22. Rf3 Ne5 23. Nxd8 Kxd8 24. Bb6+ Kd7 25. Qh3+ Ke8 26. Re1 Nxf3 27. Qxf3 Nc5 28. Be4 Nxe4 29. Rxe4 Bxe4 30. Qxe4 Kd7 31. Qf5+ Ke8 32.
Be3 Rf8 33. Qg6+ Kd8 34. Qe4 Rf1+ 35. Kg2 Rf6 36. Qa8+ Kd7 37. Qa7+ Ke6 38. Qxa6 Rg6+ 39. Kf1 b4 40. Qc4+ Kd7 41. cxb4 Rf6+ 42. Ke2 Re6 43. Qb5+ Kd8 44. a4 Bg5 45. Qxg5+ Kd7 46. Qf5 1-0

[Event "Early-Titled-Tuesday-Blitz-February-13-2024"]
[Site "Chess.com"]
[Date "2024.02.13"]
[Round "3"]
[White "kaanadayhamle"]
[Black "SmirnovAlexandrA"]
[Result "1/2-1/2"]
[WhiteElo "2428"]
[BlackElo "2603"]
[TimeControl "180+1"]
[EndTime "8:32:32 PST"]
[Termination "Game drawn by repetition"]

1. Nf3 c5 2. g3 d6 3. Bg2 Nf6 4. O-O g6 5. Re1 Bg7 6. e4 O-O 7. c3 Nc6 8. d4 cxd4 9. cxd4 Bd7 10. Nc3 Rc8 11. h3 h6 12. Be3 e5 13. Qd2 Kh7 14. Rad1 Re8 15. Kh2 a6 16. g4 exd4 17. Nxd4 Nxd4 18.
Bxd4 Bc6 19. f4 Qd7 20. Bxf6 Bxf6 21. Qxd6 Qxd6 22. Rxd6 Bxc3 23. bxc3 Rcd8 24. Rxd8 Rxd8 25. Re2 Bb5 26. Rc2 Bc4 27. e5 b5 28. Rb2 Rd3 29.
Rc2 Re3 30. Bb7 a5 31. Bg2 a4 32. Bc6 Kg7 33. Rb2 Rxc3 34. Bxb5 Bxb5 35. Rxb5 Rc2+ 36.
Kg3 Rxa2 37. Ra5 a3 38. Ra7 Kg8 39. f5 gxf5 40. gxf5 Ra1 41. Kg2 h5 42. Kh2 h4 43.
Kg2 a2 44. e6 fxe6 45. fxe6 Kf8 46. Kh2 Ke8 47. Kg2 Kd8 48. Kh2 Ke8 49. Kg2 Kd8 50.
Kh2 Ke8 1/2-1/2

[Event "Early-Titled-Tuesday-Blitz-February-13-2024"]
[Site "Chess.com"]
[Date "2024.02.13"]
[Round "3"]
[White "Zq1"]
[Black "Fonsofan"]
[Result "0-1"]
[WhiteElo "2484"]
[BlackElo "2678"]
[TimeControl "180+1"]
[EndTime "8:32:33 PST"]
[Termination "Fonsofan won on time"]

1. d4 Nf6 2. c4 g6 3. Nc3 d5 4. Nf3 Bg7 5. cxd5 Nxd5 6. Bd2 c5 7. Rc1 Nc6 8. dxc5 Bf5 9. a3 Nxc3 10. Bxc3 Qxd1+ 11.
Kxd1 O-O-O+ 12. Ke1 Bxc3+ 13. Rxc3 Rd7 14. e3 Rhd8 15. Be2 f6 16. b4 e5 17. b5 Na5 18.
h3 Kc7 19. g4 Be4 20. Rg1 Rd5 21. h4 Bxf3 22. Bxf3 Rd3 23. Rxd3 Rxd3 24. Kf1 Rc3 25. b6+ axb6 26. cxb6+ Kxb6 27. Kg2 Rxa3 28. Rd1 Kc7 29. Rd5 Nc6 30. Rc5 Ra5 31. Rc4 Kd6 32. Be4 Ra8 33. h5 Rg8 34. hxg6 hxg6 35. Kf3 Rg7 36. Rc2 Nd8 37.
Rd2+ Kc7 38. Rc2+ Kd6 39. Rd2+ Kc7 40. Rc2+ Nc6 41. Rc5 g5 42. Rb5 Rd7 43. Bd5 b6 44. Ke4 Ne7 45. Be6 Rd6 46. Bf7 Rd2 0-1

[Event "Early-Titled-Tuesday-Blitz-February-13-2024"]
[Site "Chess.com"]
[Date "2024.02.13"]
[Round "3"]
[White "SidArun"]
[Black "Atousa"]
[Result "1-0"]
[WhiteElo "2271"]
[BlackElo "2507"]
[TimeControl "180+1"]
[EndTime "8:32:33 PST"]
[Termination "SidArun won by resignation"]

1. d4 Nf6 2. Nc3 d5 3. Bf4 e6 4. Nb5 Bd6 5. Nxd6+ cxd6 6. e3 O-O 7. Nf3 Nc6 8. h3 Re8 9. Bh2 e5 10. Be2 Bf5 11.
c3 Ne4 12. O-O Qd7 13. Nd2 Nf6 14. g4 Bg6 15. f4 exf4 16. exf4 Be4 17. f5 h6 18. Bf4 Bc2 19. Qxc2 Rxe2 20. Rae1 Rae8 21. Rxe2 Rxe2 22. Qd3 Qe7 23. Bxd6 Rxd2 24. Qxd2 Qxd6 25. Qh2 Qe7 26. Qf4 a6 27. h4 Qe2 28. g5 Nh5 29.
Qf3 Qxf3 30. Rxf3 Ne7 31. Kg2 g6 32. f6 Nf5 33. Kh3 hxg5 34. hxg5 Kf8 35. Kg4 Ke8 36. Rxf5 gxf5+ 37. Kxh5 Kd7 38. Kh4 Ke6 39. Kg3 b5 40. Kf4 a5 41. b3 a4 42. bxa4 bxa4 43. a3 Kd6 44. Kxf5 Kd7 45. g6 fxg6+ 46. Kxg6 Ke8 47. Kg7 Kd7 48. f7 Ke6 49. f8=Q Kd7 50. Qc5 Ke6 51.
Qc6+ Kf5 52. Qxd5+ Kf4 53. Qe5+ Kf3 54. d5 Kf2 55. d6 Kf1 56. d7 1-0

[Event "Early-Titled-Tuesday-Blitz-February-13-2024"]
[Site "Chess.com"]
[Date "2024.02.13"]
[Round "3"]
[White "SashaKuzhilniy"]
[Black "egnfanclub"]
[Result "1/2-1/2"]
[WhiteElo "2593"]
[BlackElo "2360"]
[TimeControl "180+1"]
[EndTime "8:32:34 PST"]
[Termination "Game drawn by repetition"]

1. e4 e5 2. Nf3 Nc6 3. Nc3 Nf6 4. h3 d5 5. exd5 Nxd5 6. Bb5 Nxc3 7. bxc3 Bd6 8. O-O O-O 9. d4 exd4 10. cxd4 a6 11.
Bd3 Ne7 12. c4 c6 13. Re1 Ng6 14. Qc2 Re8 15. Bg5 Qd7 16. Rxe8+ Qxe8 17. Re1 Qf8 18. Ne5 Be6 19. Nxg6 hxg6 20. Bxg6 Re8 21. Bh7+ Kh8 22.
Bd3 f6 23. Bd2 Bf7 24. Qd1 Rxe1+ 25. Qxe1 Qe8 26. Qxe8+ Bxe8 27. c5 Bc7 28. Bf5 b6 29. Bb4 a5 30. cxb6 Bxb6 31. Bc5 Bc7 32. g4 Bf7 33. a3 Bd5 34. Kf1 Kg8 35. h4 Kf7 36. h5 Bf3 37. Ke1 Bd8 38. Kd2 Bd5 39. Ke3 Bc7 40. Be4 Ke6 41. f4 Bd8 42. f5+ Kf7 43.
Bxd5+ cxd5 44. a4 Bc7 45. Kd3 Ke8 46. Ke3 Kf7 47. Kf3 Bd8 48. Bd6 Bb6 49. Ke3 Ke8 50. Ba3 Bc7 51. Kf3 Kf7 52. Bc1 Ke8 53. Bf4 Bb6 54.
Ke3 Ke7 55. Bb8 Bd8 56. Ba7 Bc7 57. Bc5+ Kf7 1/2-1/2

[Event "Early-Titled-Tuesday-Blitz-February-13-2024"]
[Site "Chess.com"]
[Date "2024.02.13"]
[Round "3"]
[White "omer1997"]
[Black "Stewie_89"]
[Result "1-0"]
[WhiteElo "2420"]
[BlackElo "2576"]
[TimeControl "180+1"]
[EndTime "8:32:34 PST"]
[Termination "omer1997 won by resignation"]

1. e4 Nf6 2. e5 Nd5 3. d4 d6 4.
Nf3 g6 5. Be2 Bg7 6. O-O O-O 7.
c4 Nb6 8. Nc3 Nc6 9. exd6 cxd6 10. Be3 Bg4 11. c5 Bxf3 12. Bxf3 dxc5 13. dxc5 Qxd1 14.
Rfxd1 Nc4 15. Rab1 Rfd8 16. Kf1 Rac8 17. Ke2 Rxd1 18.
Nxd1 Nxe3 19. fxe3 Ne5 20. Rc1 Rc7 21. b4 e6 22. Nf2 Nxf3 23. gxf3 f5 24. Nd3 Kf7 25. b5 e5 26. e4 Ke6 27. a4 Bf8 28. Rc2 b6 29. c6 Bd6 30. Nb2 a6 31. Nc4 Bc5 32.
Rd2 axb5 33. axb5 Bd4 34. Ra2 fxe4 35. fxe4 Rf7 36. Ra8 Rf2+ 37. Kd1 Rf1+ 38. Kd2 Rf2+ 39. Ke1 Rf7 40. Re8+ Kf6 41. Rd8 Rc7 42. Rb8 Kg5 43.
Rb7 Rc8 44. c7 Bc5 45. Nxe5 Kf4 46. Nd3+ Kxe4 47. Nxc5+ bxc5 48. b6 c4 49. Rb8 1-0

[Event "Early-Titled-Tuesday-Blitz-February-13-2024"]
[Site "Chess.com"]
[Date "2024.02.13"]
[Round "3"]
[White "DIMONBANAN"]
[Black "CaspiIsrael"]
[Result "1-0"]
[WhiteElo "2573"]
[BlackElo "2761"]
[TimeControl "180+1"]
[EndTime "8:32:35 PST"]
[Termination "DIMONBANAN won by resignation"]

1. e4 e6 2. d4 d5 3. Nc3 Bb4 4. e5 c5 5. a3 Ba5 6. b4 cxd4 7. Nb5 Bc7 8. f4 Nc6 9. Nf3 Nge7 10. Bd3 Nf5 11.
Bb2 O-O 12. Nbxd4 Ncxd4 13. Nxd4 Qh4+ 14. g3 Nxg3 15. Nf3 Qh6 16. Rg1 Ne4 17. Bxe4 dxe4 18. Ng5 Qh4+ 19. Rg3 Qxh2 20. Qg4 h5 21. Qh3 Qxh3 22.
Rxh3 g6 23. Nxe4 Bd8 24. O-O-O b6 25. Rg1 Kh7 26. Nd6 Be7 27. Rc3 Ba6 28. b5 Bxd6 29. bxa6 Bc5 30. Rd1 Rfd8 31. Rcd3 Rxd3 32. Rxd3 g5 33.
fxg5 Kg6 34. Kd1 Kxg5 35. Rd7 h4 36. Rxf7 Rh8 37. Bc1+ Kg4 38. Ke2 h3 39. Rg7+ Kf5 40.
Kf3 Kxe5 41. Bb2+ Bd4 42. Rg5+ Kf6 43. Bxd4+ Kxg5 44. Bxh8 h2 45. Kg2 Kf4 46. Bd4 Ke4 47. Bxb6 Kd5 48. Bxa7 Kc6 49. Be3 e5 50. Kxh2 e4 51.
Kg3 1-0

[Event "Early-Titled-Tuesday-Blitz-February-13-2024"]
[Site "Chess.com"]
[Date "2024.02.13"]
[Round "3"]
[White "Karttunen"]
[Black "JERO-8914"]
[Result "1-0"]
[WhiteElo "2628"]
[BlackElo "2435"]
[TimeControl "180+1"]
[EndTime "8:32:35 PST"]
[Termination "Karttunen won by resignation"]

1. d4 d5 2. c4 e6 3. Nc3 Nf6 4.
cxd5 Nxd5 5. e4 Nxc3 6. bxc3 c5 7. Nf3 cxd4 8. cxd4 Bb4+ 9. Bd2 Bxd2+ 10. Qxd2 O-O 11.
Bc4 b6 12. O-O Bb7 13. Qf4 Nd7 14. Rad1 Nf6 15. Rfe1 Rc8 16. Bd3 Qc7 17. Qh4 h6 18. d5 exd5 19. e5 Ne4 20. g4 Rfe8 21.
g5 Re6 22. Nd4 Rg6 23. f3 Rxg5+ 24. Kh1 Nc5 25. f4 Nxd3 26. Rxd3 Rg6 27. f5 Rg5 28. e6 fxe6 29. fxe6 Re8 30. Rde3 Qe7 31. Qf2 Rf8 32. Rf3 Rxf3 33. Qxf3 Kh7 34. Qd3+ Kg8 35. Qb5 Rg6 36. Qe2 a6 37. Rf1 Rf6 38. Rxf6 gxf6 39. Qg4+ Qg7 40. Qf4 Kh7 41. Qf5+ Kg8 42. Qf4 Qe7 43.
Qb8+ Kg7 44. Nf5+ Kg6 45. Nxe7+ Kg5 46. Qxb7 Kf4 47. Nxd5+ Ke5 48. Nxb6 Kd6 49. Qd7+ Kc5 50. e7 Kxb6 51. e8=Q Ka5 52. Qed8+ 1-0

[Event "Early-Titled-Tuesday-Blitz-February-13-2024"]
[Site "Chess.com"]
[Date "2024.02.13"]
[Round "3"]
[White "Zheenbekov86"]
[Black "rcmz"]
[Result "1-0"]
[WhiteElo "2420"]
[BlackElo "2185"]
[TimeControl "180+1"]
[EndTime "8:32:35 PST"]
[Termination "Zheenbekov86 won on time"]

1. e4 a6 2. d4 b5 3. Nf3 Bb7 4. Bd3 e6 5. O-O c5 6. c3 c4 7. Bc2 Qc7 8. e5 d6 9. Re1 Nd7 10.
Nbd2 Be7 11. exd6 Bxd6 12. Ne4 Bxe4 13. Bxe4 Rb8 14. Qe2 Ngf6 15. Bc2 O-O 16. h3 Bf4 17.
Be3 Nd5 18. Ng5 Nxe3 19. Bxh7+ Kh8 20. Nxf7+ Kxh7 21. Qh5+ Kg8 22. fxe3 Rxf7 23. exf4 Qxf4 24. Rxe6 Rb6 25. Re8+ Nf8 26. Rae1 Qf2+ 27. Kh1 Rh6 28. Qd5 Kh7 29. Qe4+ Qf5 30. Qe2 Rff6 31. Ra8 Re6 32. Qd2 Rxe1+ 33. Qxe1 Qf4 34. Qe2 Ng6 35. Qe8 Nh4 36.
Qg8+ Kg6 37. Rxa6+ Kh5 38. Qe8+ g6 39. Qe2+ Kg5 40. Rb6 1-0

[Event "Early-Titled-Tuesday-Blitz-February-13-2024"]
[Site "Chess.com"]
[Date "2024.02.13"]
[Round "3"]
[White "Preobrazhenska_D2011"]
[Black "Klavdia_Nik"]
[Result "1-0"]
[WhiteElo "2355"]
[BlackElo "2125"]
[TimeControl "180+1"]
[EndTime "8:32:35 PST"]
[Termination "Preobrazhenska_D2011 won on time"]

1. e4 c5 2. Nf3 b6 3. d4 Bb7 4.
Nc3 g6 5. Be2 Bg7 6. O-O cxd4 7.
Nxd4 Nc6 8. Be3 d6 9. Bb5 Rc8 10. Nd5 Nf6 11. Nb4 Qd7 12. Nbxc6 Bxc6 13. Nxc6 Rxc6 14.
Bxc6 Qxc6 15. f3 O-O 16. c3 a6 17. Qd3 b5 18. Rfd1 Nd7 19. Bd4 Ne5 20. Qe2 g5 21.
Be3 h6 22. f4 gxf4 23. Bxf4 Ng6 24. Bg3 Rc8 25. Rd5 Qc4 26. Qxc4 Rxc4 27. Re1 b4 28. cxb4 Rxb4 29. b3 Rb6 30. Rc1 Bb2 31. Rc8+ Kg7 32. Bf2 Rb4 33. Rc4 Ba3 34. Ra5 Rxc4 35. bxc4 Bb4 36.
Rxa6 Nf4 37. Kf1 Nd3 38. a4 Kf6 39. Ra8 Ke5 40. Re8 e6 41. Ke2 Kxe4 42. Rb8 1-0

[Event "Early-Titled-Tuesday-Blitz-February-13-2024"]
[Site "Chess.com"]
[Date "2024.02.13"]
[Round "3"]
[White "chess123456s"]
[Black "KhazhatulyAlikhan"]
[Result "1-0"]
[WhiteElo "2613"]
[BlackElo "2422"]
[TimeControl "180+1"]
[EndTime "8:32:36 PST"]
[Termination "chess123456s won by checkmate"]

1. d4 d5 2. Nc3 Nf6 3. Bf4 e6 4. Nb5 Na6 5. e3 Bb4+ 6. c3 Be7 7. a4 O-O 8. Nf3 Bd7 9. Ne5 c5 10. Bd3 c4 11. Bb1 Bxb5 12. axb5 Nc7 13. f3 Nxb5 14. Bg5 h6 15. h4 Nd6 16. Qc2 Re8 17. g4 Kf8 18. Bf4 Ng8 19. Bg3 a5 20. Qh7 b5 21.
Qh8 Bf6 22. Bh7 Rc8 23. g5 hxg5 24. hxg5 Bxg5 25. Qxg8+ Ke7 26. Qxg7 Bf6 27. Bh4 Bxh4+ 28. Rxh4 Rf8 29. Ng6+ Kd7 30. Nxf8+ Qxf8 31. Qxf8 Rxf8 32. Bc2 a4 33. Kf2 Kc6 34. Rg1 Ra8 35. Ra1 Rb8 36. e4 Kd7 37. e5 Ne8 38. Rh8 Ke7 39. f4 Rb6 40. f5 exf5 41. Bxf5 Nc7 42. Rc8 Na6 43.
Ke3 Rh6 44. Rg1 Rb6 45. Rgg8 f6 46. Rg7# 1-0